 Dungeon Sprint DCSS version 0.19.5 (webtiles) character file.

285 mopl the Distorting Troll (level 6, 0/59 HPs)
             Began as a Troll Abyssal Knight on July 17, 2019.
             Was a Believer of Lugonu.
             Slain by a yak (11 damage)
             ... in the Dungeon (Sprint I: "Red Sonja").
             The game lasted 00:01:03 (284 turns).

mopl the Distorting Troll (Troll Abyssal Knight)     Turns: 284, Time: 00:01:04

Health: 0/59       AC:  5    Str: 23    XL:     6   Next: 7%
Magic:  12/12      EV: 10    Int:  8    God:    Lugonu [**....]
Gold:   309        SH:  0    Dex:  9    Spells: 0 memorised, 5 levels left

rFire  . . .     SeeInvis .     a - +1 spear
rCold  . . .     Gourm    +     b - +0 robe
rNeg   . . .     Faith    .     (no shield)
rPois  .         Spirit   .     (helmet restricted)
rElec  .         Reflect  .     (no cloak)
rCorr  .         Harm     .     (gloves unavailable)
MR     .....     NoTele   +     (boots unavailable)
Stlth  +.........               (no amulet)
                                (no ring)
                                (no ring)

@: no status effects
A: unfitting armour, claws 3, fast metabolism 3, gourmand, regeneration 1,
shaggy fur 1, tough skin 2
a: Bend Space, Renounce Religion


You were in the Dungeon.
You worshipped Lugonu.
Lugonu was pleased with you.
You were very full.

You visited 1 branch You collected 309 gold pieces.

Inventory:

Hand Weapons
 a - a +1 spear (weapon)
Armour
 b - a +0 robe (worn)
 h - a +0 shield
Wands
 d - a wand of flame (17/48)
Scrolls
 i - a scroll of blinking
Potions
 e - a potion of heal wounds
 f - a potion of haste
 g - 2 potions of magic
 j - a potion of might
Comestibles
 c - 2 bread rations


   Skills:
 - Level 2.4 Fighting
 + Level 6.2 Polearms
 - Level 1.9 Dodging
 * Level 9.7 Invocations


You had 5 spell levels left.
You didn't know any spells.

Dungeon Overview and Level Annotations

Branches:
Dungeon (1/1)

Altars:
Cheibriados
Dithmenos
Elyvilon
Fedhas
Hepliaklqana
Kikubaaqudgha
Okawaru
Qazlal
Ru
Sif Muna
Trog
Uskayaw
Vehumet
Yredelemnul
Zin
The Shining One

Shops:
D ?


Innate Abilities, Weirdness & Mutations

You are too large for most types of armour.
You have claws for hands.
Your metabolism is lightning-fast.
You like to eat raw meat.
Your natural rate of healing is unusually fast.
You are covered in fur. (AC +1)
You have very tough skin. (AC +2)


Message History

The yak is heavily wounded.
The yak gores you.
You hit the yak.
The yak is heavily wounded.
You closely miss the yak.
The yak is heavily wounded.
The yak gores you!
You puncture the yak!
The yak is severely wounded.
The yak gores you!
You hit the yak but do no damage.
The yak is severely wounded.
The yak gores you!
* * * LOW HITPOINT WARNING * * *
You barely miss the yak.
The yak is severely wounded.
You hit the yak.
The yak is almost dead.
The yak gores you!
You die...

################
#<.#..)..#..'..#
#..)..#..').#..+
#..#####'#####'#
#..# #..#...#.#
#..#__####..##[#
#..#_____##'#..+
#⌠⌠#_.∩...Y@.._#
####_..__##_.#'#
___ ##+#.# # ###


You could see a yak.

Vanquished Creatures
  Sigmund (D)
  An ogre (D)
  A jelly (D)
  Ijyb (D)
4 creatures vanquished.

Notes
Turn   | Place    | Note
-------+----------+-------------------------------------------
     0 | D        | mopl the Troll Abyssal Knight began the quest for the Orb.
     0 | D        | Reached XP level 1. HP: 22/22 MP: 1/1
     1 | D        | Noticed Ijyb
    16 | D        | Killed Ijyb
    16 | D        | Reached skill level 3 in Polearms
    16 | D        | Reached skill level 4 in Invocations
    16 | D        | Reached XP level 2. HP: 15/29 MP: 2/4
    44 | D        | Noticed an ogre
    53 | D        | Killed an ogre
    53 | D        | Reached ** piety under Lugonu
    53 | D        | Reached skill level 4 in Polearms
    53 | D        | Reached skill level 7 in Invocations
    53 | D        | Reached XP level 3. HP: 26/36 MP: 5/7
    53 | D        | Reached XP level 4. HP: 31/44 MP: 5/8
    87 | D        | Noticed Sigmund
   103 | D        | Killed Sigmund
   103 | D        | Reached skill level 6 in Polearms
   103 | D        | Reached skill level 9 in Invocations
   103 | D        | Reached XP level 5. HP: 14/50 MP: 9/11
   179 | D        | Found a deep blue altar of Sif Muna.
   181 | D        | Found a radiant altar of Vehumet.
   187 | D        | Reached XP level 6. HP: 16/59 MP: 12/12
   273 | D        | Found Suufuac's Magic Scroll Emporium.
   273 | D        | Found an ancient bone altar of Kikubaaqudgha.
   273 | D        | Found a hazy altar of Hepliaklqana.
   273 | D        | Found a stormy altar of Qazlal.
   273 | D        | Found a hide-covered altar of Uskayaw.
   273 | D        | Found a blossoming altar of Fedhas.
   273 | D        | Found a bloodstained altar of Trog.
   273 | D        | Found an iron altar of Okawaru.
   273 | D        | Found a basalt altar of Yredelemnul.
   273 | D        | Found a glowing golden altar of the Shining One.
   273 | D        | Found a snail-covered altar of Cheibriados.
   273 | D        | Found a sacrificial altar of Ru.
   273 | D        | Found a glowing silver altar of Zin.
   273 | D        | Found a shadowy altar of Dithmenos.
   273 | D        | Found a white marble altar of Elyvilon.
   273 | D        | Noticed a yak
   284 | D        | Slain by a yak

Skill      XL: |  1  2  3  4 |
---------------+-------------+-----
Polearms       | 3 4 6 |  6.2
Invocations    | 4 7 9 |  9.7
Fighting       | |  2.4
Dodging        | |  1.9

Action                   |  1- 3 |  4- 6 || total
-------------------------+-------+-------++-------
Melee: Spear             |    23 |    29 ||    52
  Use: Potion            |     1 |     1 ||     2
  Eat: Chunk             |     3 |     3 ||     6
Armor: Robe              |       |     1 ||     1
Dodge: Dodged            |     5 |     6 ||    11
